 Dungeon Crawl Stone Soup version 0.29.1-2-gbd0b4ee654 (webtiles) character file.

Game seed: 17922006590623505331

12 GeoRichter the Shield-Bearer (level 2, 0/24 HPs)
             Began as a Formicid Fighter on Nov 7, 2022.
             Slain by a goblin
             ... wielding a +0 dagger
              (3 damage)
             ... on level 1 of the Dungeon.
             The game lasted 00:00:47 (161 turns).

GeoRichter the Shield-Bearer (Formicid Fighter)      Turns: 161, Time: 00:00:47

Health: 0/24       AC:  6    Str: 20    XL:     2   Next: 45%
Magic:  2/2        EV:  9    Int:  7    God:
Gold:   36         SH:  5    Dex: 13    Spells: 1/1 levels left

rFire   . . .      SeeInvis +   a - +0 war axe
rCold   . . .      Faith    .   c - +0 buckler
rNeg    . . .      Spirit   .   b - +0 scale mail
rPois   .          Reflect  .   (helmet unavailable)
rElec   .          Harm     .   (no cloak)
rCorr   .          Rampage  .   (no gloves)
Will    .....                   (no boots)
Stlth   ..........              e - amulet of the acrobat
HPRegen 0.08/turn               (no ring)
MPRegen 0.08/turn               (no ring)

@: mighty
A: permanent stasis, dig shafts and tunnels, antennae 3, four strong arms
a: Dig, Shaft Self


You were on level 1 of the Dungeon.
You visited 1 branch of the dungeon, and saw 1 of its levels.

You collected 36 gold pieces.

Inventory:

Hand Weapons
 a - a +0 war axe (weapon)
Armour
 b - a +0 scale mail (worn)
 c - a +0 buckler (worn)
Jewellery
 e - an amulet of the acrobat (around neck)
   (You found it on level 1 of the Dungeon)
Potions
 d - a potion of might


   Skills:
 - Level 3.2 Fighting
 * Level 2.9 Axes
 - Level 3.2 Armour
 - Level 4.0 Shields


You had one spell level left.
You didn't know any spells.
Your spell library was empty.

Dungeon Overview and Level Annotations

Branches:
Dungeon (1/15) Zot: 5822

Altars:


Innate Abilities, Weirdness & Mutations

You cannot be hasted, slowed, berserked, paralysed or teleported.
You can dig through walls and to a lower floor.
You have a pair of large antennae on your head. (SInv)
Your four strong arms can wield two-handed weapons with a shield.


Message History

The quokka barely misses you.
The quokka bites you but does no damage.
The quokka attacks as you move away! The quokka completely misses you.
The quokka attacks as you move away! The quokka misses you.
The quokka attacks as you move away! The quokka barely misses you.
You closely miss the quokka. You block the quokka's attack.
The quokka completely misses you.
You hit the quokka but do no damage. The quokka closely misses you. x2
You hit the quokka but do no damage.
The rat twitches its whiskers.
The quokka bites you.
You closely miss the quokka.
The quokka bites you but does no damage.
The quokka closely misses you.
You hit the quokka.
You kill the quokka!
The quokka bites you.
You have reached level 2!
You closely miss the quokka. The quokka bites you.
* * * LOW HITPOINT WARNING * * *
You barely miss the quokka. The quokka bites you.
* * * LOW HITPOINT WARNING * * *
The quokka bites you.
* * * LOW HITPOINT WARNING * * *
You feel very mighty all of a sudden. You block the quokka's attack.
You slash the quokka!
You kill the quokka!
You block the quokka's attack.
You slash the quokka!
You kill the quokka!
The frilled lizard barely misses you.
You barely miss the frilled lizard. You block the frilled lizard's attack.
You completely miss the frilled lizard. The frilled lizard bites you.
* * * LOW HITPOINT WARNING * * *
You slash the frilled lizard!
You kill the frilled lizard!
The rat barely misses you.
You closely miss the rat. You block the rat's attack.
You closely miss the rat. The rat bites you but does no damage.
You slash the rat!
You kill the rat!
The goblin hits you with a +0 club.
* * * LOW HITPOINT WARNING * * *
You barely miss the goblin. You block the goblin's attack.
You slash the goblin!
You kill the goblin!
The goblin hits you but does no damage.
You barely miss the goblin. The goblin hits you with a +0 dagger.
You die...

#.#...... #.....# #.###...#
##.....# { ..# .....(..#
#......# ..# #.#### ##
#......# ...# #.#
####.†....# ..###
..######.......### ......
###......##.#..#
#######...###
#......##.#..###............
#.........#...@g............
#......####..###...........$
###......####..#
######.......
......)#.......# .....##
.#####.######.## .....#
.##......# #. .....#
.......#.# #. .###.#
.##.##.#.####.# ## #.
.##.##........#


You could see a goblin.

Vanquished Creatures
  A goblin (D:1)
  A hobgoblin (D:1)
  A kobold (D:1)
  4 quokkas (D:1)
  A ball python (D:1)
  2 frilled lizards (D:1)
  A rat (D:1)
11 creatures vanquished.

Notes
Turn   | Place    | Note
-------+----------+-------------------------------------------
     0 | D:1      | GeoRichter the Formicid Fighter began the quest for the
                  | Orb.
     0 | D:1      | Reached XP level 1. HP: 18/18 MP: 1/1
   148 | D:1      | Reached XP level 2. HP: 14/24 MP: 2/2
   161 | D:1      | Slain by a goblin

Illustrated notes

Levels and vault maps discovered:
D:1:      nicolae_arrival_washed_ashore, layout_loops_cross

Action                   || total
-------------------------++-------
Melee: War axe           ||    39
  Use: Potion            ||     1
Armor: Scale mail        ||    16
Dodge: Dodged            ||    20
Block: Buckler           ||    15
